Map: Dusk Towers

Players

PrimeLime

  • Race: Zerg Zerg
  • League: Platinum

LindyHop - Winner!

  • Race: Zerg Zerg
  • League: Platinum

VOD

Have the link to the VOD?

Description

Time

  • Played on: Jan. 12, 2016, 8:30 p.m.
  • Length: 8:57
Show
View Real Time Build Order
Export as new Build Order

PrimeLime Zerg 

Build Orders: Hatch First, Zergling Baneling 

Get SALT Encoding   

  12  0:01  Drone  
  13  0:10  Drone  
  14  0:17  Overlord  
  14  0:35  Drone x3  
  17  0:54  Hatchery  
  16  1:01  Extractor  
  15  1:08  Spawning Pool  
  14  1:12  Drone, Extractor  
  14  1:17  Drone  
  15  1:20  Drone  
  16  1:28  Evolution Chamber  
  15  1:34  Drone  
  15  1:39  Drone  
  17  1:45  Drone  
  18  1:56  Zerg Melee Weapons Level 1  
  18  2:00  Zergling x2  
  19  2:09  Metabolic Boost  
  19  2:14  Zergling x2  
  20  2:24  Queen  
  20  2:28  Zergling x2  
  23  2:32  Zergling x2  
  23  2:36  Zergling x2  
  25  2:38  Zergling x2  
  26  2:46  Baneling Nest  
  26  2:49  Zergling x2  
  26  2:54  Drone  
  27  3:01  Overlord  
  27  3:07  Zergling x2  
  28  3:14  Overlord  
  28  3:19  Zergling x2  
  30  3:20  Zergling x2  
  30  3:25  Zergling x2  
  31  3:28  Zergling x2  
  31  3:30  Zergling x2  
  31  3:33  Zergling x2  
  34  3:53  Zergling x10  
  39  3:57  Baneling x3  
  34  4:26  Zergling x2  
  34  4:27  Zergling x12  
  33  4:41  Zergling x4  
  34  4:53  Baneling x3  
  34  4:54  Baneling x7  
  34  4:57  Zergling x4  
  24  5:38  Zergling x10  
  26  5:52  Zergling x4  
  26  5:53  Zergling x10  
  26  5:54  Zergling x2  
  33  6:00  Queen  
  33  6:02  Drone  
  36  6:10  Overlord  
  36  6:22  Overlord  
  36  6:29  Zergling x4  
  36  6:30  Zergling x6  
  41  6:35  Zergling x2  
  42  6:55  Zergling x4  
  42  6:56  Zergling x10  
  49  7:05  Baneling x3  
  49  7:06  Baneling x7  
  42  7:40  Zergling x8  
  34  8:06  Zergling x2  
  34  8:07  Zergling x10  
  38  8:15  Zergling x4  
  32  8:27  Zergling x4  
  30  8:43  Spore Crawler  
  30  8:47  Spore Crawler  
  30  8:49  Spore Crawler  
Show
View Real Time Build Order
Export as new Build Order

LindyHop Zerg - Winner!

Build Orders: Hatch First, Zergling Baneling 

Get SALT Encoding   

  12  0:01  Drone  
  13  0:12  Overlord  
  13  0:19  Drone  
  14  0:30  Drone x2  
  14  0:34  Drone  
  17  0:53  Hatchery  
  16  0:58  Drone  
  16  0:59  Drone  
  16  1:03  Extractor  
  17  1:17  Spawning Pool  
  16  1:18  Drone  
  16  1:22  Drone  
  18  1:28  Drone  
  19  1:39  Overlord  
  19  2:05  Queen x2  
  19  2:07  Metabolic Boost  
  23  2:09  Zergling x2  
  23  2:10  Zergling x2  
  23  2:12  Drone  
  26  2:15  Drone  
  26  2:19  Drone  
  28  2:29  Baneling Nest  
  27  2:33  Drone x2  
  29  2:50  Drone x3, Roach Warren  
  31  2:59  Queen  
  33  3:18  Drone x3  
  36  3:20  Overlord x2  
  36  3:34  Overlord  
  36  3:37  Lair  
  36  3:45  Zergling x8  
  40  3:51  Baneling  
  40  3:52  Baneling x3  
  40  3:54  Zergling x2  
  40  3:55  Zergling x8  
  45  4:02  Zergling x2  
  46  4:03  Zergling x2  
  46  4:05  Spine Crawler  
  46  4:13  Zergling x6  
  48  4:22  Zergling x2  
  46  4:25  Zergling x2  
  43  4:33  Zergling x2  
  43  4:34  Baneling x4  
  43  4:35  Zergling x8  
  43  4:36  Zergling x2  
  46  4:39  Baneling x2  
  46  4:43  Zergling x2  
  46  4:44  Zergling x2  
  46  4:54  Roach  
  46  4:55  Roach  
  50  5:02  Roach  
  50  5:06  Extractor  
  51  5:13  Roach  
  53  5:23  Roach  
  47  5:32  Roach  
  48  5:41  Roach  
  50  5:46  Drone x6  
  56  5:55  Roach  
  58  6:00  Drone  
  59  6:04  Drone  
  59  6:05  Spine Crawler  
  59  6:10  Drone  
  60  6:12  Overlord x2  
  60  6:22  Overlord  
  60  6:29  Queen  
  62  6:35  Spire  
  61  6:46  Baneling  
  61  6:47  Baneling x3  
  61  6:52  Roach  
  63  6:58  Baneling x2  
  63  7:01  Extractor  
  63  7:02  Drone x7  
  68  7:27  Drone  
  68  7:28  Drone x4  
  64  7:40  Extractor  
  63  7:48  Roach  
  63  7:49  Roach x4  
  60  7:54  Spine Crawler  
  60  7:58  Zergling x2  
  59  8:00  Mutalisk  
  59  8:01  Roach  
  61  8:11  Mutalisk  
  62  8:13  Zergling x6  
  60  8:21  Mutalisk  
  60  8:25  Zergling x2  
  63  8:31  Baneling x2  
  59  8:39  Zergling x4  
Tags
 
Add a new tag
Caveats
  • Supply blocks, unpowered buildings, or Contaminate may cause inaccurate times.
  • Supply counts are checked every 10 seconds.